 Dungeon Crawl Stone Soup version 0.26-b1-32-g5d43845318 (webtiles) character file.

Game seed: 3649432819620817247

54864 Arum the Fighter (level 15, -2/127 HPs)
             Began as a Formicid Fighter on Jan 11, 2021.
             Was a High Priest of Okawaru.
             Slain by Rupert
             ... wielding a +2 great mace of protection
              (28 damage)
             ... on level 15 of the Dungeon.
             The game lasted 00:40:26 (23600 turns).

Arum the Fighter (Formicid Fighter)                Turns: 23600, Time: 00:40:26

Health: -2/127     AC: 35    Str: 21    XL:     15   Next: 15%
Magic:  18/18      EV:  9    Int:  9    God:    Okawaru [*****.]
Gold:   382        SH: 14    Dex: 15    Spells: 14/14 levels left

rFire    . . .     SeeInvis +   a - +0 quarterstaff
rCold    . . .     Faith    .   c - +0 kite shield
rNeg     . . .     Spirit   .   I - +3 crystal plate armour "Aniklaj" {+Inv}
rPois    .         Reflect  .   (helmet unavailable)
rElec    .         Harm     .   d - scarf {repulsion}
rCorr    .         Rampage  .   (no gloves)
Will     ++...                  u - +1 pair of boots {Stlth+}
Stlth    ..........             g - amulet of magic regeneration
HPRegen  0.31/turn              f - +4 ring of protection
MPRegen  0.41/turn              w - ring of willpower

@: heroism, repel missiles, very slow
A: permanent stasis, dig shafts and tunnels, four strong arms, antennae 3
a: Dig, Shaft Self, Renounce Religion, Evoke Invisibility, Heroism, Finesse


You were on level 15 of the Dungeon.
You worshipped Okawaru.
Okawaru was extremely pleased with you.
You visited 2 branches of the dungeon, and saw 16 of its levels.

You collected 935 gold pieces.
You spent 553 gold pieces at shops.

Inventory:

Hand Weapons
 a - a +0 quarterstaff (weapon)
Missiles
 r - 7 javelins
 F - 2 silver javelins
Armour
 b - a +0 scale mail
 c - a +0 kite shield (worn)
 d - a scarf of repulsion (worn)
 s - a +0 cloak
 u - a +1 pair of boots of stealth (worn)
 E - +0 acid dragon scales
 I - the +3 crystal plate armour "Aniklaj" (worn) {+Inv}
   (Okawaru gifted it to you on level 13 of the Dungeon)

   It lets you turn invisible.
Jewellery
 f - a +4 ring of protection (left hand)
 g - an amulet of magic regeneration (around neck)
 w - a ring of willpower (right hand)
 y - an uncursed ring of ice
Wands
 t - a wand of flame (35)
 z - a wand of digging (4)
 D - a wand of iceblast (5)
 J - a wand of acid (12)
Scrolls
 e - 5 scrolls of remove curse
 j - 7 scrolls of enchant armour
 l - 2 scrolls of fear
 n - 4 scrolls of immolation
 v - 3 scrolls of amnesia
 A - 3 scrolls of magic mapping
 B - 5 scrolls of identify
 G - 2 scrolls of enchant weapon
 H - a scroll of summoning
Potions
 h - a potion of magic
 m - a potion of mutation
 o - 2 potions of curing
 p - 6 potions of lignification
 q - 4 potions of attraction
 x - a potion of ambrosia
 C - 4 potions of brilliance
 L - a potion of cancellation {unknown}
Miscellaneous
 i - a phial of floods (inert)
 k - a tin of tremorstones (1/2)
 K - a box of beasts (inert)


   Skills:
 + Level 14.9(19.9) Fighting
 + Level 13.8(18.8) Staves
 + Level 13.5(18.5) Armour
 + Level 2.7(7.7) Dodging
 - Level 9.0(14.0) Shields
 - Level 5.0 Invocations
 - Level 7.0 Evocations


You had 14 spell levels left.
You didn't know any spells.
Your spell library contained the following spells:

 Spells                   Type           Power        Failure   Level
 Animate Skeleton         Necr           0%           100%        1
 Apportation              Tloc           0%           100%        1
 Beastly Appendage        Tmut           0%           100%        1
 Corona                   Hex            0%           100%        1
 Magic Dart               Conj           0%           100%        1
 Sandblast                Erth           0%           100%        1
 Summon Small Mammal      Summ           0%           100%        1
 Call Imp                 Summ           0%           100%        2
 Passwall                 Tmut/Erth      0%           100%        2
 Searing Ray              Conj           0%           100%        2
 Slow                     Hex            0%           100%        2
 Wereblood                Tmut           0%           100%        2
 Call Canine Familiar     Summ           0%           100%        3
 Confusing Touch          Hex            0%           100%        3
 Conjure Flame            Conj/Fire      0%           100%        3
 Dazzling Flash           Conj/Hex       0%           100%        3
 Gell's Gravitas          Tloc           0%           100%        3
 Mephitic Cloud           Conj/Pois/Air  0%           100%        3
 Spider Form              Tmut/Pois      0%           100%        3
 Stone Arrow              Conj/Erth      0%           100%        3
 Summon Guardian Golem    Hex/Summ       0%           100%        3
 Fulminant Prism          Conj/Hex       0%           100%        4
 Ice Form                 Ice/Tmut       0%           100%        4
 Iskenderun's Mystic Bla  Conj/Tloc      0%           100%        4
 Petrify                  Tmut/Erth      0%           100%        4
 Summon Ice Beast         Ice/Summ       0%           100%        4
 Summon Lightning Spire   Summ/Air       0%           100%        4
 Blade Hands              Tmut           0%           100%        5
 Bolt of Magma            Conj/Fire/Erth 0%           100%        5
 Iskenderun's Battlesphe  Conj           0%           100%        5
 Lee's Rapid Deconstruct  Erth           0%           100%        5
 Metabolic Englaciation   Hex/Ice        0%           100%        5
 Yara's Violent Unravell  Hex/Tmut       0%           100%        5
 Iron Shot                Conj/Erth      0%           100%        6
 Orb of Destruction       Conj           0%           100%        7
 Spellforged Servitor     Conj/Summ      0%           100%        7
 Blink                    Tloc           Unusable     N/A         2

Dungeon Overview and Level Annotations

Branches:
Dungeon (15/15)            Temple (1/1) D:7            Lair (0/6) D:10
    Orc (0/2) D:10         Vaults (0/5) D:13
 Depths: D:15

Altars:
Ashenzari
Dithmenos
Elyvilon
Gozag
Hepliaklqana
Makhleb
Nemelex Xobeh
Okawaru
Qazlal
Ru
Trog
Vehumet
Xom
Yredelemnul
Zin
The Shining One

Shops:
D:4 (   D:5 *   D:7 [   D:10 (   D:13 ?

Annotations:
D:15 Rupert


Innate Abilities, Weirdness & Mutations

You cannot be hasted, slowed, berserked, paralysed or teleported.
You can dig through walls and to a lower floor.
Your four strong arms can wield two-handed weapons with a shield.
You have a pair of large antennae on your head. (SInv)


Message History

Moving in this stuff is going to be slow.
Rupert is engulfed in water.
The centaur is engulfed in water.
Rupert hits you with a +2 great mace of protection!
Unknown command.
Unknown command.
Unknown command.
Your unstable footing causes you to fumble your attack.
Rupert splashes around in the water.
Unknown command.
You hit Rupert.
Rupert is heavily wounded.
Rupert hits you with a +2 great mace of protection!!
* * * LOW HITPOINT WARNING * * *
Unknown command.
You barely miss Rupert.
Rupert is heavily wounded.
You block Rupert's attack.
You feel better.
Rupert hits you with a +2 great mace of protection!!
You die...

#...######## .#
########...# e.##
...........### #####{...
.)...((........ .........
......######### #........
......# #........ (.....#
#........
......#############J.......
....[......(((.≈@@ec.......
###########################


You could see Rupert (berserk, waterlogged), a deep elf archer (repels
missiles), a centaur (waterlogged) and a jelly.

Vanquished Creatures
  A frost giant (D:13)
  An orc warlord (D:8)
  Azrael (D:15)
  Snorg (D:13)
  An ogre mage (D:13)
  A boulder beetle (D:15)
  2 hydras
  5 two-headed ogres
  3 centaur warriors
  A tengu warrior (D:15)
  A skeletal warrior (D:13)
  4 unseen horrors
  A deep elf archer (D:13)
  4 orc knights
  A wolf spider zombie (D:12)
  Pikel (D:6)
  11 ugly things
  6 deep elf magi
  3 cyclopes (D:15)
  2 manticores
  5 centaur skeletons
  2 gargoyles
  6 kobold demonologists
  A komodo dragon (D:14)
  A tengu conjurer (D:15)
  6 trolls
  7 slime creatures
  A shadow (D:13)
  4 wraiths
  5 wyverns
  2 fire elementals (D:15)
  3 chaos spawn (D:10)
  24 yaks
  4 hogs (D:7)
  5 basilisks
  6 vampire mosquitoes
  12 wargs
  Edmund (D:5)
  3 soldier ants
  2 acid dragons
  5 water moccasins
  2 hell hounds (D:15)
  14 orc warriors
  3 ice beasts
  7 sky beasts
  2 black bears
  6 phantoms
  An eye of draining (D:13)
  12 ogres
  A tengu (shapeshifter) (D:11)
  24 centaurs
  2 wolves (D:10)
  5 big kobolds
  6 bullfrogs
  5 scorpions
  3 wyvern skeletons
  11 killer bees (D:9)
  10 wights
  A howler monkey (D:13)
  A bullfrog zombie (D:8)
  6 jellies
  A quasit (D:7)
  5 centaur zombies
  6 hounds
  A gnoll shaman (D:8)
  12 orc priests
  29 orc wizards
  A bullfrog skeleton (D:13)
  10 worker ants
  A hound zombie (D:4)
  A worker ant zombie (D:5)
  9 gnolls
  14 adders
  2 white imps
  4 ufetubi
  3 oozes
  An adder zombie (D:4)
  2 worms
  3 dart slugs
  4 leopard geckos
  118 orcs
  15 bats
  4 giant cockroaches
  14 goblins
  15 hobgoblins
  17 jackals
  12 kobolds
  3 quokkas
  A ball python (D:6)
  6 frilled lizards
  A jackal skeleton (D:4)
  A jackal zombie (D:5)
  A leopard gecko zombie (D:5)
  2 quokka skeletons
  2 quokka zombies (D:4)
  7 rats
606 creatures vanquished.

Vanquished Creatures (collateral kills)
  A warg (D:8)
1 creature vanquished.

Vanquished Creatures (others)
  A human (D:7)
  A warg (D:8)
  2 fungi (D:10)
  9 plants
  2 withered plants (D:4)
15 creatures vanquished.

Grand Total: 622 creatures vanquished

Notes
Turn   | Place    | Note
-------+----------+-------------------------------------------
     0 | D:1      | Arum the Formicid Fighter began the quest for the Orb.
     0 | D:1      | Reached XP level 1. HP: 18/18 MP: 1/1
   206 | D:1      | Reached XP level 2. HP: 24/24 MP: 2/2
   440 | D:1      | Reached XP level 3. HP: 22/29 MP: 3/3
  1158 | D:2      | Reached XP level 4. HP: 37/37 MP: 4/4
  1327 | D:2      | Reached skill level 4 in Fighting
  1454 | D:2      | Reached XP level 5. HP: 37/42 MP: 5/5
  1503 | D:2      | Found a shimmering altar of Xom.
  2212 | D:3      | Reached skill level 1 in Evocations
  2469 | D:3      | Reached XP level 6. HP: 48/48 MP: 6/6
  3011 | D:4      | Reached skill level 5 in Armour
  3011 | D:4      | Reached skill level 5 in Shields
  3512 | D:4      | Reached XP level 7. HP: 55/55 MP: 7/7
  3698 | D:4      | Found Kytin's Weapon Shoppe.
  3973 | D:4      | Reached skill level 5 in Fighting
  4572 | D:5      | Entered Level 5 of the Dungeon
  4769 | D:5      | Reached XP level 8. HP: 57/61 MP: 8/8
  4987 | D:5      | Noticed Edmund
  5005 | D:5      | Killed Edmund
  5135 | D:5      | Found Camieshu's General Store.
  5144 | D:5      | Bought a scroll of enchant armour for 112 gold pieces
  5144 | D:5      | Bought a potion of curing for 45 gold pieces
  5340 | D:5      | Reached skill level 6 in Fighting
  5340 | D:5      | Reached skill level 5 in Staves
  5697 | D:6      | Reached XP level 9. HP: 70/70 MP: 9/9
  5733 | D:6      | Reached skill level 5 in Evocations
  5811 | D:6      | Noticed Pikel
  5843 | D:6      | Killed Pikel
  5844 | D:6      | Reached skill level 7 in Fighting
  6441 | D:7      | Found Deheytall's Antique Armour Shoppe.
  6652 | D:7      | Found a staircase to the Ecumenical Temple.
  6659 | Temple   | Entered the Ecumenical Temple
  6690 | Temple   | Became a worshipper of Warmaster Okawaru
  6963 | D:7      | Reached * piety under Okawaru
  6964 | D:7      | Reached skill level 8 in Fighting
  6964 | D:7      | Reached XP level 10. HP: 66/80 MP: 10/10
  7241 | D:7      | Found a stormy altar of Qazlal.
  7831 | D:7      | Reached skill level 9 in Fighting
  7831 | D:7      | Reached skill level 1 in Invocations
  8221 | D:8      | Reached ** piety under Okawaru
  9297 | D:8      | Reached *** piety under Okawaru
  9698 | D:8      | Reached XP level 11. HP: 90/90 MP: 12/14
  9836 | D:8      | Noticed an orc knight
  9852 | D:8      | Killed an orc knight
  9984 | D:8      | Noticed an orc warlord
  9984 | D:8      | Noticed an orc knight
  9999 | D:8      | Killed an orc warlord
  9999 | D:8      | Reached **** piety under Okawaru
 10000 | D:8      | Reached skill level 10 in Fighting
 10000 | D:8      | Reached skill level 5 in Invocations
 10016 | D:8      | Killed an orc knight
 10016 | D:8      | Reached ***** piety under Okawaru
 11734 | D:9      | Noticed a two-headed ogre
 11749 | D:9      | Killed a two-headed ogre
 12026 | D:10     | Entered Level 10 of the Dungeon
 12026 | D:10     | Found a staircase to the Lair.
 12145 | D:10     | Reached XP level 12. HP: 85/99 MP: 15/15
 12157 | D:10     | Reached skill level 10 in Staves
 12201 | D:10     | Reached skill level 11 in Fighting
 12668 | D:10     | Received a gift from Okawaru
 12817 | D:10     | Found a shimmering altar of Xom.
 12819 | D:10     | Found the +7 mace of Variability {chain chaos}
 13254 | D:10     | Found a staircase to the Orcish Mines.
 13342 | D:10     | Found Uwaboiho's Weapon Boutique.
 13736 | D:11     | Noticed a four-headed hydra
 13740 | D:11     | Killed a four-headed hydra
 13939 | D:11     | Noticed a two-headed ogre
 13951 | D:11     | Killed a two-headed ogre
 14252 | D:11     | Noticed a two-headed ogre
 14263 | D:11     | Killed a two-headed ogre
 14641 | D:11     | Reached skill level 12 in Fighting
 14934 | D:11     | Reached skill level 10 in Armour
 15320 | D:12     | Reached XP level 13. HP: 26/106 MP: 10/16
 16692 | D:12     | Received a gift from Okawaru
 17600 | D:13     | Found Jympig's Magic Scroll Shop.
 17605 | D:13     | Bought a scroll of identify for 30 gold pieces
 17605 | D:13     | Bought a scroll of identify for 30 gold pieces
 17605 | D:13     | Bought a scroll of identify for 30 gold pieces
 17605 | D:13     | Bought a scroll of enchant weapon for 112 gold pieces
 17605 | D:13     | Bought a scroll of summoning for 142 gold pieces
 17605 | D:13     | Bought a scroll of magic mapping for 52 gold pieces
 17721 | D:13     | Received a gift from Okawaru
 17731 | D:13     | Reached skill level 13 in Fighting
 17791 | D:13     | Noticed an ogre mage
 17818 | D:13     | Killed an ogre mage
 17818 | D:13     | Reached ****** piety under Okawaru
 17952 | D:13     | Received a gift from Okawaru
 18218 | D:13     | Got a masterwork crystal plate armour {god gift}
 18230 | D:13     | Identified the +3 crystal plate armour "Aniklaj" {+Inv}
                  | (Okawaru gifted it to you on level 13 of the Dungeon)
 18745 | D:13     | Found a gate to the Vaults.
 18888 | D:13     | You fall into a shaft and drop 2 floors!
 18888 | D:15     | Entered Level 15 of the Dungeon
 19017 | D:15     | Reached XP level 14. HP: 88/118 MP: 17/17
 19631 | D:13     | Noticed Snorg
 19663 | D:13     | Killed Snorg
 20154 | D:13     | Noticed a frost giant
 20195 | D:13     | Killed a frost giant
 20196 | D:13     | Reached skill level 14 in Fighting
 20612 | D:13     | Received a gift from Okawaru
 22550 | D:15     | Noticed Azrael
 22584 | D:15     | Reached skill level 1 in Dodging
 22604 | D:15     | Killed Azrael
 22604 | D:15     | Received a gift from Okawaru
 23165 | D:15     | Reached XP level 15. HP: 127/127 MP: 18/18
 23526 | D:15     | Noticed Rupert
 23600 | D:15     | Slain by Rupert

Illustrated notes

Levels and vault maps discovered:
D:1:      scummos_arrival_forest, layout_basic, kennysheep_minor_cross,
          minivault_25
D:2:      layout_loops_ring, tgw_xom
D:3:      layout_basic, grunt_ministairs_10
D:4:      corexii_shantytown, layout_loops_ring, serial_shops, shop_fountains,
          serial_undead, serial_undead_f, serial_undead_b, serial_undead_e,
          serial_undead_e, minmay_misc_feat_nine_boxes
D:5:      layout_rooms, serial_shops, shop_fountains, uniq_edmund
D:6:      layout_rooms, uniq_pikel
D:7:      layout_basic, nicolae_qazlal_general_emergency,
          minmay_temple_entry_wispy, serial_shops, nicolae_shop_statue_plus,
          amethyst_killhole, grunt_livestock,
          minmay_a_box_with_orc_wizards_in_it
D:8:      lemuel_castle_with_subvaults [lemuel_castle_interior_carwin_1],
          layout_cave_pools, kennysheep_generic_room_14
D:9:      layout_basic
D:10:     layout_rooms, minmay_lair_entry_grove, orc_david_3,
          minmay_guarded_unrand_variability
D:11:     layout_irregular_city
D:12:     layout_roguey
D:13:     layout_roguey, hangedman_vaults_entry_quadrant_bands, serial_shops,
          nicolae_shop_trees, chequers_serial_rivers_micro_c,
          kennysheep_just_a_vault, uniq_snorg
D:14:     layout_rooms, solitary_fountain, fountainhead
D:15:     grunt_enter_depths_magical_seal, layout_long_grid,
          minmay_fountain_box, uniq_rupert, uniq_azrael
Temple:   regret_index_temple_sigil_plot

Skill      XL: |  1  2  3  4  5  6  7  8  9 10 11 12 13 14 15 |
---------------+----------------------------------------------+-----
Shields        | 4 5 6 8 9 |  9.0
Fighting       | 4 5 6 8 9 10 12 13 14 | 14.9
Armour         | 4 5 6 8 10 11 13 | 13.5
Staves         | 3 4 5 7 8 9 11 12 13 | 13.8
Evocations     | 1 2 3 4 5 6 7 |  7.0
Invocations    | 4 5 |  5.0
Dodging        | 1 2 |  2.7

Action                   |  1- 3 |  4- 6 |  7- 9 | 10-12 | 13-15 || total
-------------------------+-------+-------+-------+-------+-------++-------
Melee: Quarterstaff      |    94 |   269 |   429 |  1160 |  1521 ||  3473
Invok: Heroism           |       |       |       |    13 |    19 ||    32
       Finesse           |       |       |       |     2 |     2 ||     4
 Abil: Dig               |     1 |     3 |     4 |    14 |     5 ||    27
Evoke: Wand              |       |       |     1 |    34 |    12 ||    47
       Phial of floods   |       |       |       |     1 |     2 ||     3
       Tin of tremorston |       |       |       |       |     3 ||     3
       Box of beasts     |       |       |       |       |     1 ||     1
  Use: Potion            |       |       |     1 |     2 |     4 ||     7
       Scroll            |       |       |       |     7 |    12 ||    19
 Stab: Distracted        |       |       |     1 |       |       ||     1
       Sleeping          |       |       |       |     1 |     2 ||     3
Armor: Scale mail        |    65 |   118 |   210 |   263 |       ||   656
       Acid dragon scale |       |       |       |    27 |    90 ||   117
       Crystal plate arm |       |       |       |       |   534 ||   534
Dodge: Dodged            |    42 |    97 |   148 |   296 |   220 ||   803
Block: Kite shield       |    48 |   140 |   265 |   575 |   627 ||  1655
